 Dungeon Crawl Stone Soup version 0.6.0-rc1 character file.

8540 Infest the Soul Tainter (level 10, -4/74 HPs)
             Began as a Mummy Assassin on Mar 11, 2010.
             Was a Priest of Yredelemnul.
             Slain by a centaur (9 damage)
             ... on Level 11 of the Dungeon.
             The game lasted 01:19:51 (18264 turns).

Infest the Soul Tainter (Mummy Assassin)           Turns: 18264, Time: 01:19:52

HP  -4/74        AC  6     Str 20 Exp: 10/10368 (239), need: 495
MP  21/21        EV 21     Int 13      God: Yredelemnul [***...]
Gold 1283        SH  0     Dex 13      Spells:  0 memorised, 11 levels left

Res.Fire  : . . .   See Invis. : .   A - +4,+2 elf dagger (venom)
Res.Cold  : + . .   Warding    : .   F - +2 orc robe {rF+}
Life Prot.: + + +   Conserve   : .   (no shield)
Res.Poison: +       Res.Corr.  : .   q - +0 wizard hat
Res.Elec. : .       Clarity    : .   r - +1 cloak Spirit.Shd: .
                                     (no gloves)
Sust.Abil.: .       Rnd.Telep. : .   (no boots)
Res.Mut.  : .       Ctrl.Telep.: .   (no amulet)
Res.Rott. : +       Levitation : .   n - +6 ring of strength
Saprovore : . . .   Ctrl.Flight: .   W - +5 ring of evasion

@: praying, somewhat resistant to hostile enchantments, stealthy
A: in touch with death, poison resistance, cold resistance 1, torment
resistance, life protection 3
a: Animate Remains, Recall Undead Slaves, Animate Dead, Renounce Religion


You were on level 11 of the Dungeon.
You worshipped Yredelemnul.
Yredelemnul was greatly pleased with you.
You were not hungry.

You visited 3 branches of the dungeon, and saw 17 of its levels.

You collected 1233 gold pieces.

Inventory:

Hand weapons
 b - a +0,+0 blowgun
 m - a +1,+2 short sword
 z - a -1,+1 orcish war axe
 A - a +4,+2 elven dagger of venom (weapon)
 B - a +1,+2 orcish mace
 C - a -1,+1 orcish flail
 D - a +2,+1 dagger of venom
 E - a +0,+1 orcish hammer
 G - a -1,+1 orcish dagger
 J - a +0,+1 dagger
 O - a -1,+1 orcish dagger
 Q - a +3,+1 dwarven short sword
 V - a +2,+1 dagger of venom
Missiles
 c - 60 +0 stones (quivered)
 e - 18 poisoned +0 needles
 f - 12 exploding +2 sling bullets
 l - 124 +0 sling bullets
 v - 27 +4 sling bullets
 S - 3 silver +0 orcish javelins
Armour
 q - a +0 wizard hat (worn)
 r - a +1 cloak (worn)
 F - a +2 orcish robe of fire resistance (worn)
 N - a +1 orcish leather armour
 Y - a +1 orcish robe
Magical devices
 d - a wand of enslavement (1)
 i - a wand of magic darts (0)
 I - a wand of paralysis (0)
 P - a wand of magic darts (14)
 T - a wand of slowing (0)
 X - a wand of fireball (0)
Scrolls
 k - 2 scrolls of identify
 o - a scroll of detect curse
 s - a scroll of recharging
 u - a scroll of curse armour
 w - a scroll of enchant weapon I
 x - 5 scrolls of remove curse
 y - 2 scrolls of fog
 R - a scroll of immolation
Jewellery
 a - an uncursed ring of levitation
 n - a +6 ring of strength (right hand)
 p - an uncursed ring of fire
 W - a +5 ring of evasion (left hand)
 Z - an uncursed ring of fire
Books
 t - a book of Power

   Spells                             Type                      Level
   Animate Dead                       Necromancy                   4
   Iskenderun's Mystic Blast          Conjuration                  4
   Teleport Other                     Translocation                4
   Venom Bolt                         Conjuration/Poison           5
   Iron Shot                          Conjuration/Earth            6
   Invisibility                       Enchantment                  6
   Mass Confusion                     Enchantment                  6
   Poisonous Cloud                    Conjuration/Poison/Air       6
Miscellaneous
 j - a lantern of shadows You had 239 experience left.


   Skills:
 + Level 6 Fighting
 - Level 5 Short Blades
 + Level 3 Throwing
 + Level 1 Armour
 + Level 8 Dodging
 + Level 4 Stealth
 + Level 3 Stabbing
 + Level 1 Spellcasting
 + Level 9 Invocations


You had 11 spell levels left.
You didn't know any spells.

Dungeon Overview and Level Annotations

Branches:
Dungeon (12/27)            Temple (1/1) D:7             Orc (4/4) D:9
    Elf: Orc:3-4       Lair: D:8-13        Hive: D:11-16

Altars:
Elyvilon
Okawaru
The Shining One
Trog
Vehumet
Yredelemnul

Shops:
D:4: !

Annotations
D:7 Maurice on the loose!


Innate Abilities, Weirdness & Mutations

Your flesh is vulnerable to fire.
Your system is resistant to poisons.
Your flesh is cold resistant.
You are immune to unholy pain and torment.
You are immune to negative energy.


Message History

The killer bee stings you!
You have gained Armour skill!
* * * LOW HITPOINT WARNING * * *
Yredelemnul mirrors your injury!
The killer bee is almost dead.
You miss the centaur. The centaur hits you!
You die...

...
.......#
........#
.........#
..........#
..........#
..........#
.......k..#
(.r....@..#
......ccc.#
#+#.....###
#.....#
#.....#
#.$...#
#...$.#
.....# ###


You could see 3 centaurs, a killer bee and a rat.

Vanquished Creatures
  Pikel (D:5)
  A cyclops (D:11)
  Psyche (D:8)
  2 giant toads
  3 yaks (D:11)
  Edmund (D:4)
  A giant blowfly zombie (D:10)
  Eustachio (D:10)
  A soldier ant (D:12)
  7 orc warriors
  3 ogres
  2 phantoms
  Menkaure (D:4)
  4 centaurs
  A giant frog (D:8)
  A giant frog zombie (D:8)
  Blork the orc (D:6)
  6 killer bees
  A quasit (D:9)
  2 imps
  10 orc priests
  3 scorpions
  2 iguanas
  8 orc wizards
  6 giant ants
  Ijyb (D:5)
  A mummy (D:3)
  10 snakes
  3 gnolls (D:4)
  A giant centipede zombie (D:9)
  A giant mite (D:6)
  2 worms
  An ufetubus (D:10)
  A giant eyeball (D:10)
  8 giant cockroaches
  18 goblins
  16 hobgoblins
  25 kobolds
  3 oozes
  57 orcs
  5 quokkas
  18 giant bats
  4 giant geckos
  7 giant newts
  5 jackals
  19 rats
  4 small snakes
  A ballistomycete (D:8)
281 creatures vanquished.

Vanquished Creatures (collateral kills)
  2 orc sorcerers
  A troll (D:8)
  An orc warrior (D:7)
  An ice beast (D:9)
  2 ogres
  An electric eel (D:10)
  A jellyfish (D:10)
  A wight (D:10)
  A hound (D:6)
  An imp (D:7)
  3 orc priests
  A scorpion (D:8)
  7 orc wizards
  An iguana (D:12)
  A giant ant (D:9)
  3 killer bees (D:9)
  2 jellies
  2 snakes
  A lemure (D:10)
  An ufetubus (D:10)
  2 grey rats (D:10)
  A giant eyeball (D:9)
  A giant gecko (D:7)
  A goblin (Orc:2)
  A hobgoblin (Orc:2)
  A kobold (D:5)
  38 orcs
  A quokka (D:8)
  6 giant bats
  An orc zombie (Orc:4)
  4 rats
  5 ballistomycetes (D:8)
96 creatures vanquished.

Vanquished Creatures (others)
  2 wraiths
  An ogre (D:5)
  2 centaur zombies
  A giant frog zombie (D:8)
  A soldier ant zombie (D:12)
  2 killer bee zombies (D:9)
  A wight (Orc:4)
  A human zombie (D:10)
  A hound zombie (D:6)
  An orc priest (Orc:2)
  2 giant ant zombies
  A worm zombie (D:7)
  4 flying skulls (D:10)
  A snake zombie (D:6)
  An iguana zombie (D:4)
  4 giant bat zombies
  A giant mite zombie (D:6)
  A gnoll zombie (D:4)
  A goblin (D:5)
  3 orcs
  A giant bat (D:5)
  A giant cockroach zombie (D:5)
  3 giant gecko zombies
  A giant newt (D:5)
  2 giant spores (D:8)
  4 goblin zombies
  5 hobgoblin zombies
  A jackal zombie (D:6)
  4 kobold zombies
  32 orc zombies
  A quokka zombie (D:8)
  A rat (D:8)
  6 rat zombies
  A fungus (Orc:3)
  12 toadstools
107 creatures vanquished.

Grand Total: 484 creatures vanquished

Notes
Turn   | Place    | Note
--------------------------------------------------------------
     0 | D:1      | Infest, the Mummy Assassin, began the quest for the Orb.
     0 | D:1      | Reached XP level 1. HP: 13/13 MP: 0/0
    41 | D:1      | Reached skill 1 in Dodging
   769 | D:1      | Reached XP level 2. HP: 18/18 MP: 1/1
  1680 | D:1      | Reached XP level 3. HP: 23/25 MP: 2/2
  1823 | D:2      | Found a bloodstained altar of Trog.
  2608 | D:3      | Noticed a mummy
  2624 | D:3      | Defeated a mummy
  2624 | D:3      | Reached XP level 4. HP: 22/30 MP: 3/3
  2871 | D:3      | Found a basalt altar of Yredelemnul.
  2880 | D:3      | Became a worshipper of Yredelemnul the Dark
  3690 | D:3      | Reached skill 3 in Short Blades
  3833 | D:3      | Reached XP level 5. HP: 16/37 MP: 4/4
  4404 | D:4      | Found Amel's Distillery.
  4644 | D:4      | Acquired Yredelemnul's first power
  4832 | D:4      | Reached XP level 6. HP: 41/43 MP: 5/5
  5049 | D:4      | Noticed Menkaure
  5561 | D:5      | Entered Level 5 of the Dungeon
  5566 | D:5      | Noticed Pikel
  5580 | D:5      | Defeated Pikel
  5580 | D:5      | Reached XP level 7. HP: 38/50 MP: 6/6
  5584 | D:5      | Reached skill 1 in Invocations
  5824 | D:5      | Noticed Ijyb
  5855 | D:5      | Defeated Ijyb
  6651 | D:5      | Found a radiant altar of Vehumet.
  6927 | D:5      | Reached skill 4 in Dodging
  7044 | D:5      | Reached XP level 8. HP: 53/57 MP: 9/9
  7279 | D:6      | Found a white marble altar of Elyvilon.
  7377 | D:6      | Found an iron altar of Okawaru.
  7505 | D:6      | Acquired Yredelemnul's second power
  7795 | D:6      | Noticed Blork the orc
  7807 | D:6      | Defeated Blork the orc
  7919 | D:6      | Reached skill 5 in Dodging
  8792 | D:7      | Reached skill 5 in Invocations
  8866 | D:7      | Found a staircase to the Ecumenical Temple.
  8887 | Temple   | Entered the Ecumenical Temple
  9530 | D:8      | Reached XP level 9. HP: 56/64 MP: 14/15
  9599 | D:8      | Reached skill 6 in Invocations
  9619 | D:8      | Noticed Maurice
 10012 | D:4      | Found Amel's Distillery.
 10189 | D:4      | Defeated Menkaure
 10611 | D:4      | Noticed Edmund
 10628 | D:4      | Defeated Edmund
 10856 | D:7      | Reached skill 5 in Fighting
 11187 | D:8      | Noticed Psyche
 11213 | D:8      | Defeated Psyche
 11297 | D:8      | Acquired Yredelemnul's third power
 11741 | D:8      | Reached skill 7 in Invocations
 12699 | D:9      | Received a gift from Yredelemnul
 13486 | D:9      | Found a staircase to the Orcish Mines.
 13644 | D:9      | Reached skill 8 in Invocations
 13757 | D:10     | Entered Level 10 of the Dungeon
 13775 | D:9      | Reached XP level 10. HP: 65/72 MP: 20/20
 13925 | D:10     | Reached skill 1 in Spellcasting
 14072 | Orc:1    | Entered Level 1 of the Orcish Mines
 14227 | Orc:1    | Found a bloodstained altar of Trog.
 14662 | Orc:1    | Acquired Yredelemnul's fourth power
 14662 | Orc:1    | Received a gift from Yredelemnul
 15151 | Orc:2    | Found a glowing golden altar of the Shining One.
 15405 | Orc:2    | Received a gift from Yredelemnul
 15618 | Orc:4    | Entered Level 4 of the Orcish Mines
 15652 | Orc:4    | HP: 2/72 [orc warrior/orcish halberd of reaching (16)]
 15766 | Orc:4    | Reached skill 9 in Invocations
 17057 | D:10     | Reached skill 5 in Short Blades
 17140 | D:10     | Noticed Eustachio
 17152 | D:10     | Defeated Eustachio
 17152 | D:10     | Received a gift from Yredelemnul
 17814 | D:10     | Noticed a centaur warrior
 18108 | D:11     | Noticed Erolcha
 18125 | D:12     | Noticed a cyclops skeleton
 18263 | D:11     | Reached skill 1 in Armour
 18264 | D:11     | Slain by a centaur
